 Dungeon Crawl Stone Soup version 0.31-a0-963-ga325b2283a (webtiles) character file.

Game seed: 5670261138377255477

2989 IdlyInterested the Trooper (level 9, -5/72 HPs)
             Began as a Demonspawn Fighter on Oct 25, 2023.
             Slain by a red ugly thing (18 damage)
             ... on level 7 of the Dungeon.
             The game lasted 00:25:02 (6495 turns).

IdlyInterested the Trooper (Demonspawn Fighter)     Turns: 6495, Time: 00:25:03

Health: -5/72      AC: 16    Str: 15 (16) XL:     9   Next: 53%
Magic:  24/24      EV: 10    Int: 10 (11) God:
Gold:   74         SH:  6    Dex: 22 (23) Spells: 16/16 levels left

rFire   x .          .
                       - Unarmed
rCold   . . .        b - +0 buckler
rNeg    + . .        s - +2 scale mail {rN+}
rPois   .            N - +1 helmet {Int+3}
rElec   .            J - +0 cloak
rCorr   .            (no gloves)
SInv    .            g - +0 pair of boots
Will    .....        f - amulet of regeneration
Stlth   +            H - ring of magical power
HPRegen 1.12/turn    (no ring)
MPRegen 0.38/turn

%: no passive effects
@: no status effects
A: claws 2, icy blue scales 1, ignite blood 1, magic regeneration, agile 2, heat
vulnerability 1
a: no special abilities


You were on level 7 of the Dungeon.
You visited 1 branch of the dungeon, and saw 7 of its levels.

You collected 365 gold pieces.
You spent 291 gold pieces at shops.

Inventory:

Hand Weapons
 c - a +0 hand axe
 d - a +0 flail
 l - a +1 whip of freezing
 q - a +0 trident
 A - a +0 long sword of draining
 D - a +0 rapier
 F - a +0 scimitar
 M - a +2 dagger of draining
Missiles
 e - 56 stones (quivered)
 j - 29 poisoned darts
 w - 9 boomerangs
 P - 4 atropa-tipped darts
Armour
 b - a +0 buckler (worn)
 g - a +0 pair of boots (worn)
 s - a +2 scale mail of positive energy (worn)
 J - a +0 cloak (worn)
 N - a +1 helmet of intelligence (worn)
 O - a +1 robe of positive energy
Jewellery
 f - an amulet of regeneration (around neck)
 G - a ring of wizardry
 H - a ring of magical power (left claw)
Talismans
 p - a serpent talisman
 E - a beast talisman
Wands
 o - a wand of polymorph (5)
 K - a wand of charming (9)
Scrolls
 a - a scroll of butterflies {unknown}
 h - 3 scrolls of teleportation
 i - a scroll of silence
 k - a scroll of noise
 n - a scroll of blinking
 t - a scroll of poison
 u - a scroll of amnesia
 v - 3 scrolls of fear {unknown}
 y - a scroll of fog {unknown}
 C - a scroll of vulnerability {unknown}
 Q - a scroll of immolation {unknown}
Potions
 m - a potion of curing
 r - a potion of resistance {unknown}
 x - a potion of enlightenment {unknown}
 z - a potion of berserk rage {unknown}
 B - a potion of cancellation {unknown}
 I - a potion of mutation
 L - a potion of brilliance {unknown}


   Skills:
 - Level 7.0 Fighting
 - Level 2.0 Throwing
 * Level 5.9 Armour
 - Level 3.0 Dodging
 - Level 2.0 Stealth
 - Level 3.0 Shields
 + Level 6.3 Unarmed Combat
 - Level 4.0 Spellcasting
 - Level 2.0 Evocations
 - Level 2.0 Shapeshifting


You had 16 spell levels left.
You didn't know any spells.
Your spell library contained the following spells:

 Spells                   Type           Power      Damage    Failure   Level
 Summon Small Mammal      Summ           8%         N/A       75%         1
 Call Canine Familiar     Summ           2%         N/A       98%         3
 Summon Guardian Golem    Hex/Summ       2%         N/A       98%         3
 Summon Ice Beast         Ice/Summ       2%         N/A       100%        4
 Summon Mana Viper        Hex/Summ       2%         N/A       100%        5
 Monstrous Menagerie      Summ           1%         N/A       100%        7


Dungeon Overview and Level Annotations

Branches:
Dungeon (7/15)
 Temple: D:4-7

Altars:
Gozag
Qazlal
Trog
Yredelemnul

Shops:
D:6 [


Innate Abilities, Weirdness & Mutations

You have very sharp fingernails.
You are partially covered in icy blue scales. (AC +2)
Your demonic aura sometimes causes spilled blood to erupt in flames.
You regenerate magic rapidly.
You are very agile. (Dex +8, Str/Int -2)
You are vulnerable to heat. (rF-)


Message History

Things that are here:
a +0 hand axe; an orc corpse You block the orc's attack.
You scratch the orc but do no damage. The orc hits you but does no damage.
You scratch the orc.
The orc is severely wounded.
The orc closely misses you.
You closely miss the orc.
The orc is severely wounded.
You claw the orc!
You kill the orc!
w - 9 boomerangs (gained 2)
Things that are here:
a +0 club; a +0 scale mail; an orc corpse
Things that are here:
a +0 hand axe; an orc corpse
Q - a scroll labelled QIGANI KALINYE You see here a +0 dagger.
You open the door.
A red ugly thing comes into view.
The red ugly thing gurgles horribly!
Found a bronze wand.
There is an open door here.
You scratch the red ugly thing.
The red ugly thing is lightly wounded.
The red ugly thing trunk-slaps you.
You are engulfed in flames!!
The fire burns you terribly!
You scratch the red ugly thing.
The red ugly thing is lightly wounded.
You scratch the red ugly thing.
The red ugly thing is lightly wounded.
The red ugly thing trunk-slaps you!
You are engulfed in flames!!
The fire burns you terribly!
* * * LOW HITPOINT WARNING * * *
You claw the red ugly thing!
The red ugly thing is lightly wounded.
The red ugly thing trunk-slaps you!
* * * LOW HITPOINT WARNING * * *
You are engulfed in flames!!
The fire burns you terribly!
You die...

##............................<†.
.....................#######.#..#
######..#.##.#######.# # ####
#.##.#..#P. .P#.#######. #.# ..#
#.#+#.#........# +.. .#.
#.#/#.#....##### #.#
#.#.###.#....# #.# .#Pu..P#....#
#.###@###....# ###............#
#...###.##.....# #..#...........#
#.#.##.###.....# #.#..).~......#
#.#.)####.#.##.#
..#....####).##.#
#.....)..#..)..#


You could see a red ugly thing.

Vanquished Creatures
  Pikel (D:5)
  Sigmund (D:2)
  A steam dragon (D:7)
  Eustachio (D:5)
  2 water moccasins (D:6)
  An orc warrior (D:6)
  An ice beast (D:6)
  A sky beast (D:7)
  A centaur (D:7)
  An ogre (D:3)
  2 kobold brigands (D:6)
  A bullfrog (D:7)
  9 scorpions
  6 killer bees (D:7)
  2 howler monkeys
  2 jellies
  3 sleepcaps
  4 orc wizards
  5 adders
  A white imp (D:6)
  5 worms
  3 dart slugs
  20 orcs
  14 ball pythons
  4 endoplasms
  2 giant cockroaches
  5 goblins
  9 hobgoblins
  15 jackals
  15 kobolds
  5 quokkas
  6 bats
  3 frilled lizards
  3 rats
  A spectral orc (D:6)
156 creatures vanquished.

Vanquished Creatures (others)
  A bat (D:2)
1 creature vanquished.

Grand Total: 157 creatures vanquished

Notes
Turn   | Place    | Note
-------+----------+-------------------------------------------
     0 | D:1      | IdlyInterested the Demonspawn Fighter began the quest for
                  | the Orb.
     0 | D:1      | Reached XP level 1. HP: 18/18 MP: 1/1
   213 | D:1      | Gained mutation: You regenerate magic rapidly. [demonic
                  | ancestry]
   213 | D:1      | Reached XP level 2. HP: 20/24 MP: 2/2
   628 | D:1      | Gained mutation: You have sharp fingernails. [demonic
                  | ancestry]
   628 | D:1      | Reached XP level 3. HP: 30/30 MP: 3/3
  1333 | D:2      | Reached skill level 4 in Fighting
  1397 | D:2      | Reached skill level 1 in Throwing
  1488 | D:2      | Noticed Sigmund
  1507 | D:2      | Killed Sigmund
  1508 | D:2      | Reached skill level 1 in Dodging
  1508 | D:2      | Reached XP level 4. HP: 37/37 MP: 4/4
  1508 | D:2      | Gained mutation: You have very sharp fingernails. [demonic
                  | ancestry]
  1508 | D:2      | Reached XP level 5. HP: 42/42 MP: 5/5
  1577 | D:2      | Reached skill level 1 in Stealth
  1918 | D:2      | Found a faded altar of an unknown god.
  2153 | D:3      | Noticed an ogre
  2160 | D:3      | Killed an ogre
  2161 | D:3      | Reached skill level 1 in Evocations
  2161 | D:3      | Reached XP level 6. HP: 12/49 MP: 6/6
  2836 | D:3      | Found a bloodstained altar of Trog.
  3437 | D:4      | Reached skill level 1 in Shapeshifting
  3565 | D:4      | Reached skill level 5 in Fighting
  3565 | D:4      | Reached skill level 1 in Spellcasting
  3722 | D:4      | Gained mutation: You are partially covered in icy blue
                  | scales. (AC +2) [demonic ancestry]
  3722 | D:4      | Reached XP level 7. HP: 34/56 MP: 10/10
  4138 | D:5      | Entered Level 5 of the Dungeon
  4138 | D:5      | Noticed Pikel
  4155 | D:5      | Killed Pikel
  4156 | D:5      | Reached skill level 5 in Unarmed Combat
  4156 | D:5      | Gained mutation: Your demonic aura sometimes causes spilled
                  | blood to erupt in flames. [demonic ancestry]
  4156 | D:5      | Reached XP level 8. HP: 22/63 MP: 10/13
  4169 | D:5      | Reached skill level 6 in Fighting
  4316 | D:5      | Noticed Eustachio
  4335 | D:5      | Killed Eustachio
  4380 | D:5      | Found a stormy altar of Qazlal.
  4380 | D:5      | Found an opulent altar of Gozag.
  4742 | D:6      | Found a transporter.
  4742 | D:6      | Found Ileq's Antique Armour Boutique.
  4832 | D:6      | Found a transporter.
  5245 | D:6      | Gained mutation: You are vulnerable to heat. (rF-) [potion
                  | of mutation]
  5245 | D:6      | Gained mutation: You are agile. (Dex +4, Str/Int -1)
                  | [potion of mutation]
  5245 | D:6      | Gained mutation: You are very agile. (Dex +8, Str/Int -2)
                  | [potion of mutation]
  5249 | D:6      | Found a basalt altar of Yredelemnul.
  5334 | D:6      | Reached XP level 9. HP: 69/69 MP: 15/15
  6035 | D:6      | Bought a glowing helmet for 195 gold pieces
  6035 | D:6      | Bought a glowing robe for 96 gold pieces
  6122 | D:7      | Reached skill level 5 in Armour
  6140 | D:7      | Reached skill level 7 in Fighting
  6490 | D:7      | Noticed a red ugly thing
  6495 | D:7      | Slain by a red ugly thing

Illustrated notes

Levels and vault maps discovered:
D:1:      dpeg_arrival_pits, layout_loops_corners, lemuel_flame_loot_1
D:2:      layout_basic, shapermc_ecumenical_altar_petra, uniq_sigmund
D:3:      kennysheep_big_flooded_room, layout_basic,
          mainiacjoe_overflow_small_starburst, chequers_jeans, minmay_quantized
D:4:      layout_basic
D:5:      layout_rooms, gammafunk_temple_overflow_elements, uniq_pikel,
          uniq_eustachio
D:6:      layout_basic, yredelemnul_forgotten_temple_becter, serial_shops,
          nicolae_shop_drivethru
D:7:      layout_basic, lemuel_temple_firewalk_b, hex_intersection,
          minmay_shattered_shrine, uniq_joseph

Skill      XL: |  1  2  3  4  5  6  7  8  9 |
---------------+----------------------------+-----
Armour         | 3 4 5 |  5.9
Fighting       | 4 5 6 7 |  7.0
Throwing       | 1 2 |  2.0
Dodging        | 1 3 |  3.0
Unarmed Combat | 4 5 6 |  6.3
Stealth        | 1 2 |  2.0
Evocations     | 1 2 |  2.0
Shapeshifting  | 1 2 |  2.0
Spellcasting   | 2 3 4 |  4.0
Shields        | 3 |  3.0

Action                     |  1- 3 |  4- 6 |  7- 9 || total
---------------------------+-------+-------+-------++-------
  Melee: Unarmed           |   167 |   135 |   322 ||   624
  Throw: Stone             |       |     4 |    17 ||    21
         Dart              |       |       |     3 ||     3
    Use: Scroll            |     3 |     1 |     2 ||     6
         Potion            |     1 |       |     5 ||     6
 Armour: Scale mail        |   108 |    73 |   282 ||   463
  Dodge: Dodged            |    73 |    51 |   158 ||   282
  Block: Buckler           |    32 |    24 |    84 ||   140
         Form:             |       |       |     2 ||     2
         Beast             |       |       |     2 ||     2

Table legend: (Time is in decaauts)
 A = Elapsed time spent in this place.
 B = Non-inter-level travel time spent in this place.
 C = Inter-level travel time spent in this place.
 D = Time resting spent in this place.
 E = Time spent auto-exploring this place.
 F = Levels seen in this place.
 G = Mean time per level.
                   A        B        C        D        E       F      G
               +--------+--------+--------+--------+--------+-----+--------+
         Total |   6477 |   5413 |   1064 |    125 |   3548 |   7 |  925.3 |
       Dungeon |   6477 |   5413 |   1064 |    125 |   3548 |   7 |  925.3 |
               +--------+--------+--------+--------+--------+-----+--------+

Top non-repeatable levels by time:
     D:6: 1520 daAuts
     D:1: 1258 daAuts
     D:3: 1174 daAuts
     D:2: 880 daAuts
     D:4: 868 daAuts
     D:5: 536 daAuts
     D:7: 239 daAuts
